[Event "Titled Tuesday Blitz November 29 Early 2022"]
[White "Vargas, Mauricio"]
[Black "Tsatsalashvili, Keti"]
[WhiteFideId "4404572"]
[BlackFideId "13603434"]
[WhiteElo "2025"]
[BlackElo "2220"]
[Result "0-1"]
[Round "05"]
[TimeControl "180+1"]
[Date "2022.11.30"]
[WhiteClock "0:00:48"]
[BlackClock "0:01:45"]

1. e4 c5 2. Nc3 d6 3. f4 Nc6 4. Nf3 e6 5. Bb5 Ne7 6. Bxc6+ Nxc6 7. O-O Be7 8. d3 d5 9. e5 a6 10. Ne2 Qc7 11. c3 Bd7 12. Qe1 O-O-O 13. Rb1 h6 14. a3 c4 15. d4 Na5 16. Be3 Nb3 17. Nc1 Na5 18. Bd2 Rdg8 19. b3 cxb3 20. Nxb3 Nxb3 21. Rxb3 Ba4 22. Rb1 Bc2 23. Rb2 Bd3 24. Rf2 Bxa3 25. Ra2 Be7 26. Qa1 Kb8 27. Ne1 Bc4 28. Nc2 Bxa2 29. Qxa2 g6 30. Rf1 Rc8 31. Rb1 Qc4 32. Be1 Qxa2 33. Rxb7+ Kxb7 0-1


[Site "https://www.chess.com"]

[Event "Titled Tuesday Blitz November 29 Early 2022"]
[White "Vlassov, Nikolai"]
[Black "Pakleza, Zbigniew"]
[WhiteFideId "4103360"]
[BlackFideId "1119290"]
[WhiteElo "2324"]
[BlackElo "2411"]
[Result "0-1"]
[Round "05"]
[TimeControl "180+1"]
[Date "2022.11.30"]
[WhiteClock "0:00:05"]
[BlackClock "0:00:06"]

1. e4 d6 2. f4 Nf6 3. Nc3 d5 4. e5 d4 5. Nce2 Nd5 6. Nxd4 Nxf4 7. Ngf3 e6 8. g3 Ng6 9. Bg2 c5 10. Nb5 Nc6 11. Qe2 a6 12. Nc3 Qc7 13. d3 Ncxe5 14. O-O Be7 15. a4 O-O 16. a5 Nc6 17. Ne4 Nxa5 18. h4 Nc6 19. h5 Nge5 20. Bf4 Nxf3+ 21. Qxf3 e5 22. Be3 Nd4 23. Bxd4 cxd4 24. h6 f5 25. hxg7 Kxg7 26. Nd2 Qxc2 27. Nc4 e4 28. Qf4 Qxd3 29. Qc7 Rf7 30. Ne5 Qxg3 31. Rac1 Be6 32. Nxf7 Qxc7 33. Rxc7 Kxf7 34. Bxe4 Rg8+ 35. Kh1 Kf6 36. Bxb7 a5 37. Rc6 Rb8 38. Rc7 Rxb7 39. Rxb7 Bd5+ 40. Kh2 Bxb7 41. Kg3 Bd6+ 42. Kh4 d3 43. Rd1 Be4 44. Kh5 Ke5 45. Kg5 Be7+ 46. Kh6 f4 47. Rd2 f3 48. Rh2 Bb4 49. Rh5+ Kd4 50. b3 d2 51. Rh1 f2 52. Rf1 Ke3 0-1


[Site "https://www.chess.com"]

[Event "Titled Tuesday Blitz November 29 Early 2022"]
[White "Von Buelow, Georg"]
[Black "Figorito, Nick"]
[WhiteFideId "4620658"]
[BlackFideId "30923689"]
[WhiteElo "2210"]
[BlackElo "2367"]
[Result "0-1"]
[Round "05"]
[TimeControl "180+1"]
[Date "2022.11.30"]
[WhiteClock "0:01:10"]
[BlackClock "0:01:15"]

1. e4 e6 2. d4 d5 3. Nc3 Bb4 4. e5 c5 5. a3 Bxc3+ 6. bxc3 Ne7 7. h4 Qa5 8. Bd2 Qa4 9. Nf3 b6 10. h5 h6 11. Rh4 Nf5 12. Rf4 Ba6 13. dxc5 Qd7 14. cxb6 axb6 15. Nd4 Bxf1 16. Kxf1 Nc6 17. Nxf5 exf5 18. c4 O-O 19. cxd5 Qxd5 20. Rxf5 Nd4 21. Rf4 Qc4+ 22. Ke1 Nxc2+ 23. Qxc2 Qxc2 24. Rxf7 0-1


[Site "https://www.chess.com"]

[Event "Titled Tuesday Blitz November 29 Early 2022"]
[White "Wagner, Dennis"]
[Black "Paravyan, David"]
[WhiteFideId "24650684"]
[BlackFideId "4194985"]
[WhiteElo "2715"]
[BlackElo "3056"]
[Result "0-1"]
[Round "05"]
[TimeControl "180+1"]
[Date "2022.11.30"]
[WhiteClock "0:01:50"]
[BlackClock "0:02:23"]

1. d4 Nf6 2. Nf3 g6 3. c4 Bg7 4. Nc3 d5 5. cxd5 Nxd5 6. e4 Nxc3 7. bxc3 c5 8. Bb5+ Nc6 9. O-O O-O 10. Bxc6 bxc6 11. Qc2 Qa5 12. a4 Rd8 13. Be3 cxd4 14. cxd4 c5 15. Rad1 Ba6 16. Rfe1 cxd4 17. Bd2 Qb6 18. Bg5 d3 19. Qd2 Rdc8 20. Bxe7 Rc2 21. Qf4 Qxf2+ 0-1


[Site "https://www.chess.com"]

[Event "Titled Tuesday Blitz November 29 Early 2022"]
[White "Xiong, Jeffery"]
[Black "Baskakov, Egor"]
[WhiteFideId "2047640"]
[BlackFideId "24197866"]
[WhiteElo "3004"]
[BlackElo "2842"]
[Result "0-1"]
[Round "05"]
[TimeControl "180+1"]
[Date "2022.11.30"]
[WhiteClock "0:00:24"]
[BlackClock "0:00:19"]

1. d4 Nf6 2. c4 e6 3. g3 d5 4. Bg2 Be7 5. Nf3 O-O 6. O-O Ne4 7. Qc2 f5 8. Nc3 c6 9. Rb1 Bd7 10. b4 Be8 11. b5 cxb5 12. cxd5 Qc8 13. Bg5 Bxg5 14. Nxg5 Nxg5 15. Rfc1 exd5 16. Nxb5 Nc6 17. Bxd5+ Kh8 18. Qd2 Ne4 19. Qe3 Qd8 20. Bc4 a6 21. Nc3 b5 22. Nxe4 fxe4 23. d5 bxc4 24. dxc6 Bxc6 25. Rxc4 Rc8 26. Rbc1 Qf6 27. h4 h6 28. a4 Bb7 29. Rxc8 Bxc8 30. Rc7 Bf5 31. a5 Qa1+ 32. Kg2 Qxa5 33. Ra7 Qe5 34. Rxa6 Bc8 35. Ra8 Bh3+ 0-1


[Site "https://www.chess.com"]

[Event "Titled Tuesday Blitz November 29 Early 2022"]
[White "Yano, William Jorge Froes"]
[Black "Larina, Maria"]
[WhiteFideId "2112949"]
[BlackFideId "24113182"]
[WhiteElo "2122"]
[BlackElo "1848"]
[Result "1-0"]
[Round "05"]
[TimeControl "180+1"]
[Date "2022.11.30"]
[WhiteClock "0:00:29"]
[BlackClock "0:00:05"]

1. e4 c6 2. Nc3 d5 3. Qf3 e6 4. e5 c5 5. Qg3 Nc6 6. f4 Nb4 7. Bd3 c4 8. a3 Qa5 9. Rb1 cxd3 10. axb4 dxc2 11. bxa5 cxb1=Q 12. Nxb1 Nh6 13. Nf3 Nf5 14. Qf2 Bd7 15. Nc3 h5 16. O-O h4 17. d4 b6 18. Be3 bxa5 19. Ra1 Bb4 20. g4 hxg3 21. hxg3 Rh3 22. Kg2 Rxg3+ 23. Qxg3 Nxg3 24. Kxg3 Rc8 25. Bd2 g6 26. Rh1 Ke7 27. Rh7 Be8 28. Ng5 Kf8 29. Rh2 Kg8 30. Nh7 Bc6 31. Nf6+ Kf8 32. Rh8+ Ke7 33. Rxc8 1-0


[Site "https://www.chess.com"]

[Event "Titled Tuesday Blitz November 29 Early 2022"]
[White "Zaichenko, Daria"]
[Black "Pourkashiyan, Atousa"]
[WhiteFideId "4197453"]
[BlackFideId "12502014"]
[WhiteElo "2039"]
[BlackElo "2247"]
[Result "1-0"]
[Round "05"]
[TimeControl "180+1"]
[Date "2022.11.30"]
[WhiteClock "0:00:12"]
[BlackClock "0:00:04"]

1. e4 c5 2. Nf3 e6 3. d4 cxd4 4. Nxd4 a6 5. c4 Nf6 6. Nc3 Qc7 7. Be3 Bb4 8. Bd3 Nc6 9. O-O O-O 10. Nxc6 dxc6 11. f4 e5 12. f5 b5 13. c5 Qe7 14. Kh1 Bxc5 15. Bg5 h6 16. Bh4 Be3 17. Qe2 Bg5 18. Bxg5 hxg5 19. Rad1 Bb7 20. a3 Rad8 21. b4 Rd4 22. Qe3 Rfd8 23. Ne2 Nxe4 24. Nxd4 Nc3 25. f6 Qc7 26. Nf5 Nxd1 27. Ne7+ Kf8 28. Qh3 gxf6 29. Qh8+ Kxe7 30. Qxf6+ Ke8 31. Qh8+ Kd7 32. Rxf7+ Kc8 33. Rxc7+ Kxc7 34. Qh7+ Kb8 35. Kg1 Nb2 36. Bf5 Nc4 37. Qe7 Rg8 38. Be6 Rh8 39. Bxc4 bxc4 40. Qxe5+ Ka7 41. Qxh8 a5 42. Qd4+ Ka6 43. Qxc4+ Ka7 44. Qc5+ Ka6 45. Qxa5# 1-0


[Site "https://www.chess.com"]

[Event "Titled Tuesday Blitz November 29 Early 2022"]
[White "Zatonskih, Anna"]
[Black "Maksimenko, Viktor"]
[WhiteFideId "14101572"]
[BlackFideId "13710478"]
[WhiteElo "2362"]
[BlackElo "2277"]
[Result "1-0"]
[Round "05"]
[TimeControl "180+1"]
[Date "2022.11.30"]
[WhiteClock "0:00:03"]
[BlackClock "0:00:01"]

1. d4 Nf6 2. c4 e6 3. Nc3 Bb4 4. Qc2 d5 5. a3 Bxc3+ 6. Qxc3 Ne4 7. Qc2 c5 8. dxc5 Nc6 9. Nf3 Qa5+ 10. Bd2 Nxd2 11. Nxd2 Qxc5 12. b4 Qd4 13. Rd1 O-O 14. e3 Qg4 15. h3 Qh4 16. Nf3 Qf6 17. cxd5 exd5 18. Be2 Bf5 19. Qd2 Rad8 20. Nd4 Be4 21. Nxc6 Qxc6 22. f3 Bf5 23. Kf2 d4 24. exd4 Be6 25. Rc1 Qd6 26. Rhd1 Bd5 27. Qg5 Rfe8 28. Bc4 Bxc4 29. Rxc4 h6 30. Qg4 Qd5 31. Rc2 Qb3 32. Rdd2 Qxa3 33. d5 Qb3 34. Qc4 Qa4 35. d6 b5 36. Qc7 Qxb4 37. d7 Rf8 38. Rd5 a6 39. Re2 Kh7 40. Qc6 Qa5 41. Re7 Kg8 42. Kg3 Qa3 43. Rde5 Qa1 44. Re8 Kh7 45. Re4 Qd4 46. Rxf8 1-0


[Site "https://www.chess.com"]

[Event "Titled Tuesday Blitz November 29 Early 2022"]
[White "Zemlyanskii, Ivan"]
[Black "Korkmaz, Necmettin"]
[WhiteFideId "24249971"]
[BlackFideId "6303285"]
[WhiteElo "2107"]
[BlackElo "2094"]
[Result "1-0"]
[Round "05"]
[TimeControl "180+1"]
[Date "2022.11.30"]
[WhiteClock "0:00:34"]
[BlackClock "0:00:17"]

1. d4 d5 2. c4 e5 3. Nf3 exd4 4. cxd5 Qxd5 5. Nc3 Bb4 6. Nxd4 Nc6 7. Nxc6 Qxc6 8. Qd4 Bxc3+ 9. Qxc3 Qxc3+ 10. bxc3 Nf6 11. f3 Be6 12. e4 O-O-O 13. Be3 a6 14. Kf2 Nd7 15. Be2 f5 16. exf5 Bxf5 17. Bd4 Nf6 18. Rhe1 Rhe8 19. Bc4 Rxe1 20. Rxe1 Re8 21. Rd1 Be6 22. Bxe6+ Rxe6 23. g4 Ne8 24. f4 b6 25. Kf3 c5 26. Be5 Re7 27. Ke4 Rd7 28. Rxd7 Kxd7 29. Kd5 g6 30. c4 h5 31. gxh5 gxh5 32. a4 h4 33. h3 Ke7 34. Kc6 b5 35. cxb5 axb5 36. axb5 Kd8 37. b6 1-0


[Site "https://www.chess.com"]

[Event "Titled Tuesday Blitz November 29 Early 2022"]
[White "Zhigalko, Sergei"]
[Black "Szpar, Milosz"]
[WhiteFideId "13502956"]
[BlackFideId "1184989"]
[WhiteElo "2892"]
[BlackElo "2678"]
[Result "1/2-1/2"]
[Round "05"]
[TimeControl "180+1"]
[Date "2022.11.30"]
[WhiteClock "0:00:06"]
[BlackClock "0:00:03"]

1. e4 e6 2. d4 d5 3. e5 c5 4. c3 Nc6 5. Nf3 Bd7 6. Be2 Nge7 7. Na3 cxd4 8. cxd4 Ng6 9. h4 Bb4+ 10. Kf1 h6 11. Nc2 Be7 12. g3 O-O 13. Bd3 Qe8 14. h5 Nh8 15. Bf4 f6 16. exf6 Bxf6 17. Qe2 Nf7 18. Re1 Qe7 19. Kg2 Ng5 20. Ne5 Bxe5 21. dxe5 Rac8 22. Qg4 Qc5 23. Re2 Qe7 24. a3 a5 25. Rd1 a4 26. Bg6 Na5 27. Nd4 Nb3 28. Bxg5 Qxg5 29. Qxg5 hxg5 30. Nf3 g4 31. Nh2 Rc4 32. Bd3 Rd4 33. Bc2 Rxd1 34. Bxd1 Bc6 35. Bxb3 axb3 36. Rd2 Rf5 37. Nxg4 d4+ 38. Kg1 Rxh5 39. f4 Rh1+ 40. Kf2 Rc1 41. Rxd4 Rc2+ 42. Ke3 Rxb2 43. Rb4 Rg2 44. Nf2 Rxg3+ 45. Ke2 Rc3 46. Kd2 Rc2+ 47. Ke3 Bd5 48. Nd3 Ra2 49. a4 Rc2 50. Kd4 Kh7 51. Nc5 Kh8 52. Nxb3 Rb2 53. Kc3 Rf2 54. Nc5 Rf3+ 55. Kd2 Rf2+ 56. Ke3 Rf3+ 57. Ke2 Ra3 58. Nxb7 Bxb7 59. Rxb7 Rxa4 60. Kf3 Kg8 61. Re7 Ra6 62. Kg4 Kf8 63. Rd7 Ra1 64. Rb7 Rg1+ 65. Kf3 Rf1+ 66. Ke3 Re1+ 67. Kf2 Rd1 68. Kf3 Rf1+ 69. Kg3 Rg1+ 70. Kf2 Rh1 71. Rc7 Rh4 72. Kg3 Rh1 73. Rc6 Kf7 74. Rc7+ Kg6 75. Re7 Kf5 76. Rf7+ Ke4 77. Kg2 Rh4 78. f5 Kxe5 79. fxe6 Kxe6 80. Rxg7 Kf5 81. Rg3 Rg4 82. Kf3 Rxg3+ 83. Kxg3 1/2-1/2


[Site "https://www.chess.com"]

[Event "Titled Tuesday Blitz November 29 Early 2022"]
[White "sabkeIXO"]
[Black "Atakhan, Abtin"]
[BlackFideId "22502203"]
[WhiteElo "2481"]
[BlackElo "2298"]
[Result "1-0"]
[Round "05"]
[TimeControl "180+1"]
[Date "2022.11.30"]
[WhiteClock "0:00:16"]
[BlackClock "0:00:42"]

1. e4 c5 2. Nc3 Nc6 3. f4 g6 4. Nf3 Bg7 5. Bb5 Nd4 6. O-O a6 7. Bc4 d6 8. d3 e6 9. Nxd4 cxd4 10. Ne2 Ne7 11. Bb3 O-O 12. Qe1 b5 13. Qf2 Qb6 14. Bd2 Rb8 15. Ng3 Bd7 16. f5 exf5 17. Bg5 Nc6 18. exf5 Ne5 19. f6 Bh8 20. Rae1 a5 21. a3 Qc7 22. h3 a4 23. Ba2 Bc8 24. Bh6 Re8 25. Ne4 Be6 26. Bxe6 Rxe6 27. Re2 Rbe8 28. Qh4 d5 29. Ng5 Rxf6 30. Rxf6 Bxf6 31. Rf2 Qd8 32. Qg3 Nd7 33. h4 Re1+ 34. Rf1 Qe8 35. Rxe1 Qd8 36. Qd6 1-0


[Site "https://www.chess.com"]

[Event "Titled Tuesday Blitz November 29 Early 2022"]
[White "Aarav Dengla"]
[Black "Bashirli, Saadat"]
[WhiteFideId "45059756"]
[BlackFideId "13429990"]
[WhiteElo "2261"]
[BlackElo "1408"]
[Result "0-1"]
[Round "06"]
[TimeControl "180+1"]
[Date "2022.11.30"]
[WhiteClock "0:00:04"]
[BlackClock "0:01:41"]

1. e4 c5 2. Nf3 g6 3. c3 Nf6 4. e5 Nd5 5. d4 cxd4 6. cxd4 d6 7. Nc3 Nxc3 8. bxc3 Nc6 9. exd6 Qxd6 10. Bc4 Bg7 11. O-O O-O 12. h3 Bf5 13. Re1 Rfd8 14. Qa4 e5 15. Ba3 Qc7 16. Ng5 Rd7 17. dxe5 Nxe5 18. Bb5 Rd2 19. Rad1 Rxd1 20. Rxd1 h6 21. Bd6 Qxc3 22. Bxe5 Bxe5 23. Nf3 Bc2 24. Qc4 Qxc4 25. Bxc4 Bxd1 26. Nxe5 Rc8 27. Bxf7+ Kg7 28. Be6 Re8 29. Bg4 Rxe5 0-1


[Site "https://www.chess.com"]

[Event "Titled Tuesday Blitz November 29 Early 2022"]
[White "Abasov, Nijat"]
[Black "Yuan, Qingyu"]
[WhiteFideId "13402960"]
[BlackFideId "8609772"]
[WhiteElo "2957"]
[BlackElo "2787"]
[Result "1-0"]
[Round "06"]
[TimeControl "180+1"]
[Date "2022.11.30"]
[WhiteClock "0:00:06"]
[BlackClock "0:00:03"]

1. Nf3 d5 2. e3 Nf6 3. c4 e6 4. b3 c5 5. Bb2 Nc6 6. cxd5 Nxd5 7. Bb5 Bd7 8. O-O Nf6 9. Nc3 Be7 10. Qe2 O-O 11. Rfd1 Rc8 12. d4 Qc7 13. d5 exd5 14. Nxd5 Nxd5 15. Rxd5 a6 16. Bd3 Nb4 17. Rh5 h6 18. Ne5 Nxd3 19. Qxd3 Be6 20. Qe4 Rfd8 21. Ng6 Bd6 22. Nf4 Bxf4 23. exf4 Qc6 24. Qe3 f6 25. Bxf6 gxf6 26. f5 Bf7 27. Qg3+ Kf8 28. Rxh6 Qd6 29. Rh8+ Ke7 30. Re1+ Kd7 31. Rh7 Kc6 32. Rxf7 Qd2 33. Rxf6+ Kb5 34. Qe3 Rd3 35. Qxd2 Rxd2 36. a4+ Kb4 37. Rb6+ Kc3 38. Rxb7 Re8 39. Rf1 Ree2 40. f6 Re5 41. f7 Rf5 42. g4 Rf4 43. h3 Rd3 44. Kg2 Rd5 45. Kg3 Rf6 46. f4 Kb2 47. Rf3 Rd7 48. Rxd7 1-0


[Site "https://www.chess.com"]

[Event "Titled Tuesday Blitz November 29 Early 2022"]
[White "Adnan, Habib"]
[Black "Winkels, Marcel"]
[WhiteFideId "11202270"]
[BlackFideId "1003887"]
[WhiteElo "2110"]
[BlackElo "1900"]
[Result "1-0"]
[Round "06"]
[TimeControl "180+1"]
[Date "2022.11.30"]
[WhiteClock "0:00:36"]
[BlackClock "0:00:01"]

1. d4 Nf6 2. c4 g6 3. Nf3 Bg7 4. Nc3 d5 5. Bg5 Ne4 6. Bh4 Nxc3 7. bxc3 dxc4 8. e3 Be6 9. Qb1 Bd5 10. e4 Bc6 11. Bxc4 O-O 12. O-O b6 13. Qc2 Nd7 14. Rad1 Nf6 15. d5 Bb7 16. e5 Ng4 17. Rfe1 Qe8 18. Qe2 Rd8 19. Bb3 Nh6 20. d6 cxd6 21. exd6 exd6 22. Bxd8 Qxd8 23. Bd5 Bc8 24. c4 Bc3 25. Rf1 Bg4 26. Qd3 Bg7 27. h3 Bf5 28. Qd2 Re8 29. Nd4 Be4 30. Nc6 Qd7 31. Rfe1 Bxd5 32. Rxe8+ Qxe8 33. cxd5 Nf5 34. Re1 Qd7 35. Qf4 h5 36. Qg5 Kh7 37. Qd8 Qb7 38. g4 hxg4 39. hxg4 Nd4 40. Qh4+ Kg8 41. Re8+ Bf8 42. Rxf8+ Kxf8 43. Qh8# 1-0


[Site "https://www.chess.com"]

[Event "Titled Tuesday Blitz November 29 Early 2022"]
[White "Akbas, Umut Ata"]
[Black "Bortnyk, Olexandr"]
[WhiteFideId "44572646"]
[BlackFideId "14120828"]
[WhiteElo "2843"]
[BlackElo "3032"]
[Result "0-1"]
[Round "06"]
[TimeControl "180+1"]
[Date "2022.11.30"]
[WhiteClock "0:00:05"]
[BlackClock "0:00:03"]

1. d4 d6 2. c4 e5 3. Nc3 exd4 4. Qxd4 Nc6 5. Qd2 g6 6. Nf3 Bg7 7. e3 Nf6 8. Be2 O-O 9. O-O Re8 10. Rd1 Bf5 11. Bd3 Ne4 12. Nxe4 Bxe4 13. Bxe4 Rxe4 14. Qc2 Qe7 15. Bd2 h6 16. Rac1 a5 17. b3 b6 18. Bc3 Nb4 19. Qd2 Bxc3 20. Rxc3 Re8 21. Rcc1 Nc6 22. Qd5 Qd7 23. a3 R4e6 24. c5 Ne7 25. Qc4 bxc5 26. Qxc5 dxc5 27. Rxd7 Rb8 28. Rxc7 Rxb3 29. h3 Rxa3 30. R1xc5 Nf5 31. Ra7 Ra1+ 32. Kh2 Ra2 33. Kg1 Ra1+ 34. Kh2 Ra2 35. Kg1 Rb6 36. Rc8+ Kg7 37. Rcc7 Rf6 38. Rc5 Ra1+ 39. Kh2 Ra2 40. Kg1 a4 41. Rc4 a3 42. Rc3 Rb6 43. Ne5 Nd6 44. Rd7 Rb1+ 45. Kh2 Rxf2 46. Rxd6 a2 47. Ra3 a1=Q 48. Rxa1 Rxa1 49. Ng4 Rf5 50. e4 Rf4 51. e5 h5 52. Nf6 Ra8 53. Rd7 Rf5 54. Re7 Ra5 55. Nd7 Ra7 56. e6 Rc7 57. Kg3 Rc3+ 58. Kh2 Re3 59. Nc5 Rxc5 0-1


[Site "https://www.chess.com"]

[Event "Titled Tuesday Blitz November 29 Early 2022"]
[White "Aldokhin, Ivan"]
[Black "Leve, Nitai"]
[WhiteFideId "24115720"]
[BlackFideId "2006898"]
[WhiteElo "2313"]
[BlackElo "2144"]
[Result "1-0"]
[Round "06"]
[TimeControl "180+1"]
[Date "2022.11.30"]
[WhiteClock "0:00:35"]
[BlackClock "0:00:02"]

1. e4 e6 2. d4 d5 3. Nd2 Nf6 4. e5 Nfd7 5. c3 c5 6. f4 Nc6 7. Ne2 cxd4 8. cxd4 Qb6 9. Nf3 f6 10. g3 g5 11. exf6 Nxf6 12. Nxg5 h6 13. Nf3 Ne4 14. a3 Bg7 15. Bg2 e5 16. Nxe5 Bxe5 17. fxe5 O-O 18. Bf4 Qxb2 19. O-O Bg4 20. Bf3 Bxf3 21. Rxf3 Qb6 22. Rb1 Qd8 23. Rxb7 Rb8 24. Rxb8 Qxb8 25. Qb3 Qxb3 26. Rxb3 Rc8 27. Rb5 Ne7 28. e6 Rc2 29. Kf1 1-0


[Site "https://www.chess.com"]

[Event "Titled Tuesday Blitz November 29 Early 2022"]
[White "Aloma Vidal, Robert"]
[Black "Jumabayev, Rinat"]
[WhiteFideId "2260409"]
[BlackFideId "13702661"]
[WhiteElo "2663"]
[BlackElo "2900"]
[Result "0-1"]
[Round "06"]
[TimeControl "180+1"]
[Date "2022.11.30"]
[WhiteClock "0:00:01"]
[BlackClock "0:00:05"]

1. e4 c6 2. d4 d5 3. e5 c5 4. dxc5 Nc6 5. f4 e6 6. Be3 d4 7. Bf2 Bxc5 8. Nd2 Nh6 9. a3 O-O 10. Ne4 Be7 11. Bd3 b6 12. Nf3 Bb7 13. O-O Ng4 14. Qe2 Qd5 15. Nfg5 Nxf2 16. Rxf2 h6 17. Nf3 Rad8 18. Ng3 Kh8 19. f5 exf5 20. Nxf5 Rde8 21. Re1 a5 22. Qd2 Qe6 23. N5xd4 Nxd4 24. Nxd4 Qc8 25. c3 Bc5 26. Bb1 Qd8 27. Qd3 g6 28. Qh3 Qg5 29. e6 fxe6 30. Rxf8+ Rxf8 31. Qg3 Qf6 32. Qe3 e5 33. Qxh6+ Kg8 34. Qxg6+ Qxg6 35. Bxg6 exd4 36. b4 axb4 37. axb4 Bd6 38. cxd4 Bxb4 39. Rb1 Bc3 40. h4 Bxd4+ 41. Kh2 Rf2 42. Kh3 Bxg2+ 43. Kg3 Bb7 44. Bd3 Rf3+ 45. Kg4 Rxd3 0-1


[Site "https://www.chess.com"]

[Event "Titled Tuesday Blitz November 29 Early 2022"]
[White "Ambartsumova, Karina"]
[Black "Dudzinski, Pawel"]
[WhiteFideId "4166299"]
[BlackFideId "1117890"]
[WhiteElo "2319"]
[BlackElo "2086"]
[Result "1-0"]
[Round "06"]
[TimeControl "180+1"]
[Date "2022.11.30"]
[WhiteClock "0:01:44"]
[BlackClock "0:01:09"]

1. Nf3 g6 2. g3 Bg7 3. Bg2 e5 4. c4 Nc6 5. Nc3 d6 6. O-O Be6 7. d3 h6 8. Rb1 f5 9. Ne1 Qd7 10. b4 Nf6 11. b5 Nd8 12. Nc2 d5 13. cxd5 Nxd5 14. Bb2 O-O 15. Nxd5 Bxd5 16. Bxd5+ Qxd5 17. Ne3 Qxa2 18. Nc4 e4 19. Ra1 Bxb2 20. Rxa2 1-0


[Site "https://www.chess.com"]

[Event "Titled Tuesday Blitz November 29 Early 2022"]
[White "Andreikin, Dmitry"]
[Black "Kosakowski, Jakub"]
[WhiteFideId "4158814"]
[BlackFideId "1185080"]
[WhiteElo "3024"]
[BlackElo "2841"]
[Result "1-0"]
[Round "06"]
[TimeControl "180+1"]
[Date "2022.11.30"]
[WhiteClock "0:02:12"]
[BlackClock "0:01:23"]

1. e4 c5 2. Na3 g6 3. Nf3 Bg7 4. c3 Nc6 5. d4 cxd4 6. cxd4 d5 7. exd5 Qxd5 8. Nb5 Qd8 9. Bf4 Bg4 10. Nc7+ Kf8 11. Nxa8 Qxa8 12. Be2 Bxf3 13. Bxf3 Nxd4 14. O-O Nh6 15. Rc1 Nhf5 16. Rc7 Nxf3+ 17. Qxf3 Bxb2 18. Rxb7 Bf6 19. Rb8+ 1-0


[Site "https://www.chess.com"]

[Event "Titled Tuesday Blitz November 29 Early 2022"]
[White "Aqib Javaid Butt"]
[Black "Herman, Daniel"]
[WhiteFideId "7801262"]
[BlackFideId "30935008"]
[WhiteElo "1659"]
[BlackElo "1897"]
[Result "1/2-1/2"]
[Round "06"]
[TimeControl "180+1"]
[Date "2022.11.30"]
[WhiteClock "0:00:38"]
[BlackClock "0:00:19"]

1. d4 g6 2. e3 Bg7 3. Nf3 Nf6 4. Bd3 O-O 5. O-O d6 6. b3 e5 7. dxe5 Ng4 8. Bb2 Nc6 9. Be2 Ngxe5 10. Qc1 Bg4 11. Nxe5 Bxe2 12. Nxc6 bxc6 13. Bxg7 Kxg7 14. Re1 Ba6 15. Qb2+ Qf6 16. Qxf6+ Kxf6 17. c4 c5 18. Nc3 Bb7 19. Rad1 Bc6 20. e4 Rfe8 21. Nd5+ Bxd5 22. exd5 a5 23. a4 Rab8 24. Rxe8 Rxe8 25. Kf1 h5 26. Rd3 Re5 27. f3 h4 28. Kf2 g5 29. Re3 Rxe3 30. Kxe3 Ke5 31. g3 hxg3 32. hxg3 Kf5 33. Kd3 f6 34. Ke3 Ke5 35. f4+ gxf4+ 36. gxf4+ Kf5 37. Kf3 Kg6 38. Kg4 f5+ 39. Kg3 Kg7 40. Kg2 Kg6 41. Kg3 Kh7 1/2-1/2


[Site "https://www.chess.com"]

[Event "Titled Tuesday Blitz November 29 Early 2022"]
[White "Arabidze, Meri"]
[Black "Yurasova, Daria"]
[WhiteFideId "13604040"]
[BlackFideId "34146919"]
[WhiteElo "2403"]
[BlackElo "2097"]
[Result "0-1"]
[Round "06"]
[TimeControl "180+1"]
[Date "2022.11.30"]
[WhiteClock "0:00:08"]
[BlackClock "0:00:13"]

1. Nf3 Nf6 2. b3 e6 3. Bb2 Be7 4. c4 c5 5. e3 b6 6. d4 cxd4 7. exd4 d5 8. Bd3 Bb7 9. O-O Nbd7 10. Nbd2 O-O 11. Ne5 Re8 12. Qe2 Nf8 13. f4 dxc4 14. bxc4 Ng6 15. Nb3 Rc8 16. f5 exf5 17. Bxf5 Rb8 18. Rae1 Bf8 19. Qc2 Qc7 20. Bxg6 hxg6 21. Qf2 Rbd8 22. Kh1 Bd6 23. Qh4 Re7 24. Re3 Bc8 25. Rfe1 Rde8 26. Nd2 Be6 27. Ndf3 Bf5 28. Ng5 Rc8 29. g4 Qb7+ 30. Kg1 Bxe5 31. gxf5 Bd6 32. fxg6 Rxe3 33. Rxe3 fxg6 34. d5 Bc5 35. Bd4 Qc7 36. Ne6 Bxd4 37. Qxd4 Qxc4 38. Qxc4 Rxc4 39. Rd3 Rc1+ 40. Kg2 Rc2+ 41. Kh3 Kf7 42. Ng5+ Ke7 43. d6+ Kd7 44. Nf3 Rc5 45. Nh4 Rd5 46. Ra3 a5 47. Nxg6 Kxd6 48. Nf4 Rd4 49. Ne2 Rb4 50. Ng3 a4 51. Nf5+ Ke6 52. Nxg7+ Kf7 53. Nf5 b5 54. Ng3 Rb2 55. Nf5 Kg6 56. Nd4 Nd5 57. Rg3+ Kf6 58. Rg2 Nf4+ 59. Kg4 Nxg2 60. h4 Ne3+ 61. Kf4 Nd5+ 62. Ke4 Nc3+ 63. Kd3 Nxa2 64. h5 Kg5 0-1


[Site "https://www.chess.com"]

[Event "Titled Tuesday Blitz November 29 Early 2022"]
[White "Averjanov, Alexey"]
[Black "Kulkarni, Vikramaditya"]
[WhiteFideId "14109867"]
[BlackFideId "5009847"]
[WhiteElo "2625"]
[BlackElo "2273"]
[Result "1-0"]
[Round "06"]
[TimeControl "180+1"]
[Date "2022.11.30"]
[WhiteClock "0:01:12"]
[BlackClock "0:00:07"]

1. d4 d6 2. c4 e5 3. Nc3 exd4 4. Qxd4 Nc6 5. Qd2 Nf6 6. b3 a5 7. Bb2 a4 8. Rc1 axb3 9. axb3 Be7 10. g3 O-O 11. Bg2 Bf5 12. Nh3 Na5 13. Qd1 Nd7 14. Nd5 c6 15. Nxe7+ Qxe7 16. b4 Be4 17. Bxe4 Qxe4 18. f3 Qf5 19. Nf2 Nxc4 20. Rxc4 Ra2 21. Rc2 Ne5 22. O-O Nc4 23. Rxc4 Rxb2 24. Qxd6 Rxe2 25. Kg2 Re3 26. Qf4 Qd3 27. Re4 Rxe4 28. Qxe4 Qb3 29. Rd1 g6 30. h4 h6 31. Rd7 h5 32. Rxb7 1-0


[Site "https://www.chess.com"]

[Event "Titled Tuesday Blitz November 29 Early 2022"]
[White "Begunov, Konstantin"]
[Black "Von Buelow, Georg"]
[WhiteFideId "4118510"]
[BlackFideId "4620658"]
[WhiteElo "2140"]
[BlackElo "2205"]
[Result "0-1"]
[Round "06"]
[TimeControl "180+1"]
[Date "2022.11.30"]
[WhiteClock "0:00:42"]
[BlackClock "0:00:14"]

1. d4 Nf6 2. c4 Nc6 3. Nc3 e5 4. d5 Ne7 5. h4 h5 6. Nf3 Ng6 7. Ng5 Bc5 8. g3 d6 9. e3 a5 10. a3 Bd7 11. b3 Ng4 12. Bd3 Ne7 13. Bb2 Ba7 14. Qe2 f6 15. Ne6 Bxe6 16. dxe6 c6 17. O-O-O f5 18. e4 Nxf2 19. exf5 Nxh1 20. Rxh1 Qb6 21. Ne4 O-O-O 22. Kc2 d5 23. Ng5 e4 24. Nf7 exd3+ 25. Qxd3 dxc4 26. bxc4 Rxd3 27. Kxd3 Qxb2 28. Nxh8 Qd4+ 29. Kc2 Qe4+ 30. Kc3 Qxh1 31. f6 Qf3+ 32. Kc2 Qxf6 33. Nf7 Qxe6 0-1


[Site "https://www.chess.com"]

[Event "Titled Tuesday Blitz November 29 Early 2022"]
[White "Bok, Benjamin"]
[Black "Manelyuk, Daniil"]
[WhiteFideId "1017063"]
[BlackFideId "44173920"]
[WhiteElo "2658"]
[BlackElo "2209"]
[Result "1-0"]
[Round "06"]
[TimeControl "180+1"]
[Date "2022.11.30"]
[WhiteClock "0:00:08"]
[BlackClock "0:00:05"]

1. d4 Nf6 2. c4 g6 3. g3 Bg7 4. Bg2 O-O 5. Nc3 c6 6. e4 d6 7. Nf3 Nbd7 8. O-O Re8 9. h3 e5 10. Re1 Qc7 11. Be3 b6 12. Qc2 Bb7 13. Rad1 h6 14. a3 Rad8 15. b3 a6 16. d5 c5 17. Rb1 Rf8 18. Bf1 Bc8 19. b4 Nh5 20. Nh4 Kh7 21. Be2 Bf6 22. Ng2 Ng7 23. h4 Be7 24. bxc5 Nxc5 25. Na4 f5 26. Nxc5 bxc5 27. Bd3 f4 28. gxf4 Bh3 29. fxe5 dxe5 30. f4 Bxg2 31. Qxg2 exf4 32. e5 Nf5 33. Bxf4 Bxh4 34. Rf1 Qg7 35. Rb6 Rde8 36. Qg4 Bd8 37. Rf2 Bxb6 38. Rg2 Kh8 39. Qxg6 Qxg6 40. Rxg6 Ng7 41. Rxh6+ Kg8 42. Bh7+ Kf7 43. Rxb6 Re7 44. Bg5 Ra7 45. Bg6+ Kg8 46. e6 Nxe6 47. dxe6 Rg7 48. e7 Rc8 49. e8=Q+ Rxe8 50. Bxe8 Rxg5+ 51. Kf2 Rf5+ 52. Kg3 Re5 53. Bc6 Re3+ 54. Kf4 Rxa3 55. Bd5+ Kf8 56. Ke5 Ke7 57. Rb7+ Kf8 58. Kd6 Ra5 59. Rf7+ Ke8 60. Ra7 Ra1 61. Ra8# 1-0


[Site "https://www.chess.com"]